 Dungeon Crawl Stone Soup version 0.28-a0-706-gf6f64a616a (webtiles) character file.

Game seed: 988734842454638358

121 quinnr the Gusty (level 5, 0/29 HPs)
             Began as a Tengu Air Elementalist on Oct 24, 2021.
             Was an Initiate of Sif Muna.
             Shot with an arrow by a centaur (13 damage)
             ... on level 3 of the Dungeon.
             The game lasted 00:07:29 (3395 turns).

quinnr the Gusty (Tengu Air Elementalist)           Turns: 3395, Time: 00:07:29

Health: 0/29       AC:  2    Str:  8    XL:     5   Next: 5%
Magic:  9/9        EV: 14    Int: 16    God:    Sif Muna [......]
Gold:   119        SH:  5    Dex: 15    Spells: 4/9 levels left

rFire   . . .      SeeInvis .   f - staff of air
rCold   . . .      Faith    .   (no shield)
rNeg    . . .      Spirit   .   a - +0 robe
rPois   .          Reflect  +   (helmet restricted)
rElec   +          Harm     .   (no cloak)
rCorr   .          Rampage  .   (no gloves)
Will    .....                   (boots unavailable)
Stlth   ++........              d - amulet of reflection
HPRegen 0.09/turn               (no ring)
MPRegen 0.11/turn               (no ring)

@: flying quickly and evasively, quick
A: beak, talons 3, nimble flight
a: Renounce Religion


You were on level 3 of the Dungeon.
You worshipped Sif Muna.
Sif Muna was noncommittal.
You visited 1 branch of the dungeon, and saw 3 of its levels.

You collected 119 gold pieces.

Inventory:

Armour
 a - a +0 robe (worn)
 i - +0 fire dragon scales
Magical Staves
 f - a staff of air (weapon)
Jewellery
 d - an amulet of reflection (around neck)
Wands
 h - a wand of digging (4)
Scrolls
 b - a scroll of fog {unknown}
 l - a scroll of noise
 n - 3 scrolls of amnesia {unknown}
 p - a scroll of enchant armour {unknown}
Potions
 c - a potion of mutation {unknown}
 e - a potion of might {unknown}
 g - a potion of curing {unknown}
 j - a potion of brilliance {unknown}
 k - a potion of haste
 m - a potion of berserk rage
 o - a potion of heal wounds {unknown}


   Skills:
 + Level 1.4 Fighting
 - Level 2.1 Dodging
 - Level 2.0 Stealth
 + Level 2.5 Spellcasting
 - Level 1.3 Conjurations
 + Level 6.4 Air Magic
 + Level 0.3 Evocations


You had 4 spell levels left.
You knew the following spells:

 Your Spells              Type           Power      Damage    Failure   Level
a - Shock                 Conj/Air       84%        1d8       4%          1
b - Airstrike             Air            17%        N/A       14%         4

Your spell library contained the following spells:

 Spells                   Type           Power      Damage    Failure   Level
 Swiftness                Air            34%        N/A       4%          3
 Static Discharge         Conj/Air       21%        N/A       6%          2
 Corpse Rot               Necr/Air       36%        N/A       8%          2
 Slow                     Hex            2%         N/A       30%         2
 Sublimation of Blood     Necr           1%         N/A       30%         2
 Confusing Touch          Hex            2%         N/A       52%         3
 Petrify                  Tmut/Erth      2%         N/A       89%         4
 Summon Ice Beast         Ice/Summ       2%         N/A       89%         4
 Irradiate                Conj/Tmut      2%         3d14      99%         5
 Yara's Violent Unravell  Hex/Tmut       1%         3d3       99%         5
 Storm Form               Tmut/Air       9%         N/A       100%        7


Dungeon Overview and Level Annotations

Branches:
Dungeon (3/15)

Altars:
Sif Muna

Shops:
D:2 *

Annotations:
D:3 exclusions: centaur and door


Innate Abilities, Weirdness & Mutations

You have a beak for a mouth.
You have claws for feet.
Your magical nature lets you fly swiftly and evasively.


Message History

Things that are here:
a +0 dagger; a +0 dagger
There is an open door here.
Key pressed, stopping explore.
Unknown command.
Unknown command.
You start putting on your amulet.
You continue putting on your amulet of reflection. x5
You finish putting on your amulet of reflection.
You feel a shielding aura gather around you.
d - an amulet of reflection (around neck) Key pressed, stopping explore.
Key pressed, stopping explore.
Key pressed, stopping explore.
You see here a +0 spear.
Key pressed, stopping explore.
Partly explored, can't reach some items and places.
Partly explored, can't reach some items and places.
Really fly into a travel-excluded area?
Casting: Shock (safe; 4% risk of failure)
Confirm with . or Enter, or press ? or * to list all spells.
You don't know that spell.
A centaur is nearby!
Unknown command.
Unknown command.
Casting: Shock (safe; 4% risk of failure)
Confirm with . or Enter, or press ? or * to list all spells.
Okay, then.
This spell is extremely dangerous to cast!
Memorise Airstrike, consuming 4 spell levels and leaving 4?
You start memorising the spell.
You continue memorising. x4
You finish memorising.
Spell assigned to 'b'.
Unknown command.
Really fly into a travel-excluded area?
The centaur wields a +0 shortbow.
The centaur shoots an arrow.
The arrow hits you!
Ouch! That really hurt!
Unknown command.
The centaur shoots an arrow.
The arrow hits you!
You die...

####.# #.#
#..###.###.#.#. #
#.# #.#####..#
#.####.... ## #.##
#........#
#......... .###..##
########.#
#######... .......##
#.).# #...
#.####..##
#.#.#########..#
###≈≈##'.#
#.#..........<.#
'≈≈≈≈≈≈#.#
#####.############.#
'≈≈≈≈≈≈#.#
#..@......c.. #.#
###≈≈##'.#
#.##########. #.#
#.####..## #.#
######. #.#
......)## ##.#
#...... #.# #####).#
#..# .......#####.#
#####.## #..#
#............#
......# #..#
######.#######
##...####
#..##########.#
........#
#.............#


You could see a centaur.

Vanquished Creatures
  A howler monkey zombie (D:3)
  3 gnolls (D:3)
  An adder (D:2)
  A worm (D:3)
  A dart slug (D:3)
  8 orcs
  5 ball pythons
  2 endoplasms
  4 giant cockroaches
  4 goblins
  6 hobgoblins
  2 jackals (D:3)
  4 quokkas
  3 bats
  7 kobolds
  5 rats
57 creatures vanquished.

Notes
Turn   | Place    | Note
-------+----------+-------------------------------------------
     0 | D:1      | quinnr the Tengu Air Elementalist began the quest for the
                  | Orb.
     0 | D:1      | Reached XP level 1. HP: 10/10 MP: 4/4
   158 | D:1      | Reached XP level 2. HP: 15/15 MP: 4/6
   340 | D:1      | Reached skill level 5 in Air Magic
  1062 | D:2      | Reached XP level 3. HP: 19/19 MP: 1/7
  1180 | D:2      | Found Niescha's Assorted Antiques.
  1592 | D:2      | Found a faded altar of an unknown god.
  1611 | D:2      | Got the Almanac of the Whelk
  1739 | D:2      | Reached skill level 6 in Air Magic
  1912 | D:3      | Reached XP level 4. HP: 8/24 MP: 5/8
  1917 | D:3      | Identified a scroll of acquirement
  1917 | D:3      | Acquired a staff of air
  1932 | D:3      | Noticed a centaur
  2166 | D:3      | Found a shimmering blue altar of Sif Muna.
  2171 | D:3      | Became a worshipper of Sif Muna the Loreminder
  2515 | D:3      | Reached skill level 1 in Fighting
  3086 | D:3      | Gained mutation: Your magical nature lets you fly swiftly
                  | and evasively. [Tengu growth]
  3086 | D:3      | Reached XP level 5. HP: 29/29 MP: 3/9
  3393 | D:3      | Learned a level 4 spell: Airstrike
  3395 | D:3      | Shot with an arrow by a centaur

Illustrated notes

Levels and vault maps discovered:
D:1:      nzn_arrival_water_spiral, layout_loops_ring
D:2:      layout_rooms, serial_shops, shop, basic_ecumenical_altar,
          minmay_misc_feat_x
D:3:      layout_loops_ring, led_sif_book, gup_sewer_entry_bowl,
          grunt_decor_arrowhead, chequers_jeans, minmay_misc_feat_cross

Skill      XL: |  1  2  3  4 |
---------------+-------------+-----
Air Magic      | 5 6 |  6.4
Fighting       | 1 |  1.4
Dodging        | |  2.1
Stealth        | |  2.0
Spellcasting   | |  2.5
Conjurations   | |  1.3
Evocations     | |  0.3

Action                   |  1- 3 |  4- 6 || total
-------------------------+-------+-------++-------
Melee: Unarmed           |     5 |       ||     5
       Kick              |     3 |     1 ||     4
       Peck              |     1 |       ||     1
       Staff             |       |     1 ||     1
 Cast: Shock             |    80 |    49 ||   129
  Use: Scroll            |       |     5 ||     5
Armor: Robe              |     6 |     1 ||     7
Dodge: Dodged            |    15 |     2 ||    17

Table legend: (Time is in decaauts)
 A = Elapsed time spent in this place.
 B = Non-inter-level travel time spent in this place.
 C = Inter-level travel time spent in this place.
 D = Time resting spent in this place.
 E = Time spent auto-exploring this place.
 F = Levels seen in this place.
 G = Mean time per level.
                   A        B        C        D        E       F      G
               +--------+--------+--------+--------+--------+-----+--------+
         Total |   3372 |   3328 |     44 |    397 |   2477 |   3 | 1124.0 |
       Dungeon |   3372 |   3328 |     44 |    397 |   2477 |   3 | 1124.0 |
               +--------+--------+--------+--------+--------+-----+--------+

Top non-repeatable levels by time:
     D:3: 1477 daAuts
     D:1: 1164 daAuts
     D:2: 731 daAuts
